 Dungeon Crawl Stone Soup version 0.26.0-10-g1f06aea511 (webtiles) character file.

Game seed: 12712146450541531256

298 Borgoz the Slasher (level 6, -3/52 HPs)
             Began as a Ghoul Gladiator on Jan 15, 2021.
             Slain by a worm (5 damage)
             ... on level 4 of the Dungeon.
             The game lasted 00:03:36 (2987 turns).

Borgoz the Slasher (Ghoul Gladiator)                Turns: 2987, Time: 00:03:37

Health: -3/52      AC:  4    Str: 18    XL:     6   Next: 36%
Magic:  5/5        EV: 13    Int:  3    God:
Gold:   135        SH:  0    Dex: 12    Spells: 5/5 levels left

rFire    . . .     SeeInvis .   a - +0 long sword
rCold    + . .     Faith    .   (no shield)
rNeg     + + +     Spirit   .   b - +0 leather armour
rPois    ∞         Reflect  .   c - +0 helmet
rElec    .         Harm     .   (no cloak)
rCorr    .         Rampage  .   (no gloves)
Will     .....                  (no boots)
Stlth    ++........             (no amulet)
HPRegen  0.00/turn              g - ring of stealth
MPRegen  0.09/turn              (no ring)

@: no status effects
A: claws 1, cold resistance 1, negative energy resistance 3, inhibited
regeneration, torment resistance, unbreathing
a: no special abilities


You were on level 4 of the Dungeon.
You visited 1 branch of the dungeon, and saw 4 of its levels.

You collected 135 gold pieces.

Inventory:

Hand Weapons
 a - a +0 long sword (weapon)
Missiles
 d - 3 throwing nets (quivered)
Armour
 b - a +0 leather armour (worn)
 c - a +0 helmet (worn)
Jewellery
 g - a ring of stealth (left claw)
Wands
 l - a wand of acid (10)
 o - a wand of random effects (10)
Scrolls
 f - 9 scrolls of identify {unknown}
 h - 3 scrolls of remove curse
 i - a scroll of blinking {unknown}
 j - a scroll of amnesia
 m - a scroll of teleportation {unknown}
Potions
 e - a potion of berserk rage
 k - 2 potions of attraction {unknown}
 n - a potion of haste {unknown}
 p - a potion of curing
 q - a potion of might {unknown}


   Skills:
 + Level 3.6 Fighting
 * Level 4.4 Long Blades
 - Level 1.7 Throwing
 + Level 2.3 Armour
 + Level 3.6 Dodging


You had 5 spell levels left.
You didn't know any spells.
Your spell library was empty.

Dungeon Overview and Level Annotations

Branches:
Dungeon (4/15)
 Temple: D:4-7

Altars:
Elyvilon
Vehumet


Innate Abilities, Weirdness & Mutations

You thrive by killing the living.
You are immune to poison.
You have sharp fingernails.
Your flesh is cold resistant. (rC+)
You are immune to negative energy. (rN+++)
You do not regenerate when monsters are visible.
You are immune to unholy pain and torment.
You can survive without breathing.


Message History

The worker ant is almost dead.
The worker ant bites you.
* * * LOW HITPOINT WARNING * * *
You hit the worker ant.
You kill the worker ant!
The worm bites you.
* * * LOW HITPOINT WARNING * * *
You hit the worm but do no damage.
The worm is moderately wounded.
The worm bites you.
* * * LOW HITPOINT WARNING * * *
You hit the worm.
The worm is heavily wounded.
The worm closely misses you.
You hit the worm.
The worm is severely wounded.
You hit the worm.
The worm is almost dead.
The worm bites you.
You die...

##.......# #..# #.
#..#.###.###.####.
##....# #..##.#....
#..†.#####......##.
###...###........###.
####.........####.#.#
............## #..#.#
..##........# #.##..
.......@w...# .. ####
.!##...†......### .
#.........##
#...........
#....>...##.
##...##### ..### ##.


You could see a worm.

Vanquished Creatures
  A howler monkey (D:4)
  A hound (D:4)
  A worker ant (D:4)
  A hound skeleton (D:3)
  6 gnolls
  4 adders
  An ooze (D:2)
  2 worms
  2 dart slugs
  2 leopard geckos (D:1)
  3 orcs (D:3)
  3 giant cockroaches
  12 goblins
  4 hobgoblins
  9 jackals
  3 quokkas
  3 ball pythons
  6 bats
  6 frilled lizards
  8 kobolds
  2 quokka skeletons (D:4)
  6 rats
86 creatures vanquished.

Notes
Turn   | Place    | Note
-------+----------+-------------------------------------------
     0 | D:1      | Borgoz the Ghoul Gladiator began the quest for the Orb.
     0 | D:1      | Reached XP level 1. HP: 17/17 MP: 0/0
   218 | D:1      | Reached XP level 2. HP: 25/25 MP: 1/1
   290 | D:1      | Reached skill level 3 in Long Blades
   829 | D:1      | Reached XP level 3. HP: 30/30 MP: 2/2
   937 | D:2      | HP: 1/30 [worm (9)]
   940 | D:2      | Reached skill level 1 in Armour
  1277 | D:2      | Found a white marble altar of Elyvilon.
  1334 | D:2      | Found a faded altar of an unknown god.
  1668 | D:2      | Reached XP level 4. HP: 32/37 MP: 3/3
  1728 | D:2      | Found a radiant altar of Vehumet.
  2041 | D:3      | HP: 1/37 [gnoll/+0 spear (5)]
  2220 | D:3      | Reached XP level 5. HP: 40/45 MP: 4/4
  2672 | D:4      | Reached skill level 4 in Long Blades
  2762 | D:4      | Reached XP level 6. HP: 35/51 MP: 5/5
  2984 | D:4      | HP: 2/52 [worm (3)]
  2987 | D:4      | Slain by a worm

Illustrated notes

Levels and vault maps discovered:
D:1:      nzn_arrival_crosshair, layout_loops_ring,
          corexii_item_surrounded_by_moat
D:2:      layout_rooms, overflow_temple_1_default,
          nicolae_overflow_crystal_walls, chequers_ecumenical_altar_island,
          hangedman_decor_peaks_small
D:3:      layout_basic
D:4:      layout_rooms, lightli_temple_of_fire, temple_green, uniq_natasha

Skill      XL: |  1  2  3  4  5 |
---------------+----------------+-----
Long Blades    | 3 4 |  4.4
Armour         | 1 2 |  2.3
Dodging        | 3 |  3.6
Fighting       | 3 |  3.6
Throwing       | |  1.7

Action                   |  1- 3 |  4- 6 || total
-------------------------+-------+-------++-------
Melee: Long sword        |    97 |   153 ||   250
  Use: Scroll            |     2 |       ||     2
       Potion            |     2 |     3 ||     5
 Stab: Sleeping          |     1 |     7 ||     8
Armor: Leather armour    |    35 |    40 ||    75
Dodge: Dodged            |    65 |   135 ||   200
       Rpst.: Long sword |    29 |    41 ||    70
